 Dungeon Crawl Stone Soup version 0.20-a0-809-gaf7f668 (webtiles) character file.

108 terra52 the Chopper (level 4, 40/41 HPs)
             Began as a Hill Orc Fighter on Mar 2, 2017.
             Quit the game on level 2 of the Dungeon.
             The game lasted 00:02:59 (1529 turns).

terra52 the Chopper (Hill Orc Fighter)              Turns: 1529, Time: 00:03:00

Health: 40/41      AC:  6    Str: 23    XL:     4   Next: 87%
Magic:  4/4        EV:  7    Int:  8    God:
Gold:   93         SH:  9    Dex: 10    Spells: 3/3 levels left

rFire    . . .     SeeInvis .   a - +0 war axe
rCold    . . .     Gourm    .   b - +0 scale mail
rNeg     . . .     Faith    .   c - +0 shield
rPois    .         Spirit   .   (no helmet)
rElec    .         Reflect  .   (no cloak)
rCorr    .         Harm     .   (no gloves)
MR       .....                  (no boots)
Stlth    ..........             (no amulet)
Regen    0.2/turn               (no ring)
MPRegen  0.1/turn               l - +4 ring of strength

@: no status effects
A: no striking features
a: no special abilities


You were on level 2 of the Dungeon.
You were not hungry.

You visited 1 branch of the dungeon, and saw 2 of its levels.

You collected 93 gold pieces.

Inventory:

Hand Weapons
 a - a +0 war axe (weapon)
Missiles
 g - 29 bolts
Armour
 b - a +0 scale mail (worn)
 c - a +0 shield (worn)
Jewellery
 l - a +4 ring of strength (left hand)
Scrolls
 e - a scroll of teleportation {unknown}
 j - a scroll of recharging {unknown}
 k - a scroll of enchant armour {unknown}
 p - a scroll of identify {unknown}
 q - a scroll of immolation {unknown}
Potions
 d - a potion of might
 i - a potion of mutation {unknown}
 m - a potion of degeneration {unknown}
 n - a potion of haste {unknown}
Comestibles
 f - 2 bread rations
 h - 2 royal jellies
 o - 4 chunks of flesh


   Skills:
 * Level 4.4 Fighting
 * Level 4.8 Axes
 + Level 3.6 Armour
 + Level 0.4 Dodging
 + Level 3.7 Shields


You had 3 spell levels left.
You didn't know any spells.

Dungeon Overview and Level Annotations

Branches:
Dungeon (2/15)

Altars:


Message History

The jackal barks!
You hit the jackal.
The jackal is almost dead.
The jackal bites you.
The jackal bites you but does no damage.
You closely miss the jackal.
The jackal is almost dead.
You block the jackal's attack. x2
You slash the jackal!
You kill the jackal!
You block the jackal's attack.
You see here a jackal corpse.
You block the jackal's attack. The jackal closely misses you.
You barely miss the jackal. The jackal barely misses you.
The jackal misses you.
You miss the jackal.
The jackal bites you but does no damage. x2
You slash the jackal!
You kill the jackal!
Are you sure you want to abandon this character and quit the game? (Confirm with "yes".)

#>...#......#.# ##..#...)#
##.
.##.....####..######..#####.#
#.. .##..........#.......##
#.###..
.......######........##
#..<#..
##....................#
###....
.....#.....#..........# ###..
....##................# #..
..####....##..........# #..
..# #.........†@.....# #..
..# ##....##........## #..
..# #...............# ### ..#
#....#.......<....
..######..##....<.........
......)...##..........#...
....#####.##..........#...
###....##............## ..
####..............##


There were no monsters in sight!

Vanquished Creatures
  Terence (D:2)
  3 adders (D:2)
  A worm (D:2)
  3 dart slugs
  A leopard gecko (D:2)
  4 giant cockroaches
  6 hobgoblins
  6 jackals (D:2)
  4 kobolds
  6 bats
  5 frilled lizards
  5 goblins
  3 rats
48 creatures vanquished.

Notes
Turn   | Place    | Note
-------+----------+-------------------------------------------
     0 | D:1      | terra52 the Hill Orc Fighter began the quest for the Orb.
     0 | D:1      | Reached XP level 1. HP: 19/19 MP: 1/1
   143 | D:1      | Reached XP level 2. HP: 27/27 MP: 2/2
   995 | D:2      | Reached XP level 3. HP: 33/33 MP: 3/3
  1231 | D:2      | Noticed Terence
  1243 | D:2      | Killed Terence
  1243 | D:2      | Reached XP level 4. HP: 38/41 MP: 4/4
  1529 | D:2      | Quit the game

Vault maps used:
D:1:      elethiomel_arrival_infinity_welcomes_careful_drivers, kennysheep_boxes
D:2:      uniq_terence

Skill      XL: |  1  2  3 |
---------------+----------+-----
Axes           | 3 4 |  4.8
Fighting       | 4 |  4.4
Armour         | |  3.6
Dodging        | |  0.4
Shields        | |  3.7

Action                   |  1- 3 |  4- 6 || total
-------------------------+-------+-------++-------
Melee: War axe           |    85 |    48 ||   133
  Eat: Chunk             |     1 |     1 ||     2
Armor: Scale mail        |    29 |    21 ||    50
Dodge: Dodged            |    38 |    18 ||    56
Block: Shield            |    61 |    27 ||    88
